Penguins vs Stars

Created - March 6, 2022 at 23:21

Goals
1 2 3 OT1 T
Penguins 1 1 2 0 4
Stars 2 0 2 1 5
Shots
1 2 3 OT1 T
Penguins 7 6 13 2 28
Stars 14 1 17 2 34

1st period

1. Stars , John Tavares 25 (Michael Grabner 24, Evgeny Grachev 12) at 5:08
2. Penguins , Derek Stepan 14 (Sean Zimmerman 11) at 7:07
3. Stars , John Tavares 26 (Michael Grabner 25) at 8:08

Penalties :
John Tavares (Dal) for Hooking (Minor) at 11:14

2nd period

4. Penguins , Marcus Foligno 6 (Sean Zimmerman 12, Keith Aulie 9) at 3:21

Penalties :
Andrej Sustr (Dal) for Interference (Minor) at 14:33, Andrew Ladd (Dal) for Hooking (Minor) at 19:04

3rd period

5. Penguins , Steven Stamkos 23 (Nikita Kucherov 24, Jeff Skinner 14) at 0:16 (PP)
6. Stars , Michael Grabner 10 (John Tavares 33) at 8:32 (PP)
7. Penguins , Marcus Foligno 7 (Joe Colborne 9) at 9:49
8. Stars , Jussi Jokinen 10 (Evgeny Grachev 13) at 13:33 (PP)

Penalties :
Keith Aulie (Pit) for Elbowing (Minor) at 5:34, Derek Stepan (Pit) for Hooking (Minor) at 8:27, Marcus Foligno (Pit) for Hooking (Minor) at 13:26

Overtime #1

9. Stars , Guillaume Latendresse 19 (Boris Valabik 8, Andrej Sustr 4) at 1:34

Penalties :
No Penalty

Goalie Stats

Cam Talbot (Pit), 29 saves from 34 shots - (0.853), OTL, 0-3-2, 61:34 minutes
Braden Holtby (Dal), 24 saves from 28 shots - (0.857), W, 4-4-0, 61:34 minutes

Players Stats for Penguins

Player Name              G  A  P  +/- PIM S  H  SB GA TA FO     MP     PP MP  PK MP  
------------------------------------------------------------------------------------
Andy Andreoff            0  0  0   2  0   0  0  0  0  2  0/0    10:36   0:08   0:34 
Brandon Tanev            0  0  0   0  0   0  0  0  3  1  0/0    11:08   0:00   0:00 
Cal Clutterbuck          0  0  0   0  0   1  4  1  0  0  0/0    12:42   0:00   1:06 
Derek Stepan             1  0  1   1  2   3  2  0  0  0  8/12   18:01   2:11   0:37 
Frederick Gaudreau       0  0  0   2  0   1  0  0  0  0  0/1     9:26   0:00   0:00 
Jason Zucker             0  0  0   1  0   0  5  0  0  1  0/0    16:23   2:11   0:12 
Jeff Skinner             0  1  1  -2  0   1  0  0  0  0  0/1    20:08   2:51   0:00 
Joe Colborne             0  1  1   0  0   1  1  2  0  0  3/7    12:32   0:00   0:19 
Joe Pavelski             0  0  0   1  0   0  1  0  0  1  0/0    16:23   2:11   0:00 
Keith Aulie              0  1  1   3  2   2  2  1  0  1  0/0    18:45   1:45   0:00 
Marcus Foligno           2  0  2   2  2   4  2  0  0  0  0/0     9:50   0:00   0:19 
Nick Leddy               0  0  0  -3  0   1  1  2  1  1  0/0    28:48   3:25   1:01 
Nikita Kucherov          0  1  1  -3  0   3  1  0  0  0  1/2    21:07   2:59   0:00 
Oliver Ekman-Larsson     0  0  0  -3  0   5  2  3  1  0  0/0    29:03   3:25   1:10 
Robert Hagg              0  0  0   0  0   0  0  0  0  0  0/0    13:51   0:00   1:01 
Sean Zimmerman           0  2  2   3  0   0  0  2  0  0  0/0    18:11   0:00   1:10 
Steven Stamkos           1  0  1  -3  0   6  0  1  0  0  20/33  22:33   2:59   1:15 
Will Butcher             0  0  0   0  0   0  0  1  0  0  0/0    14:35   1:45   0:00 

Players Stats for Stars

Player Name              G  A  P  +/- PIM S  H  SB GA TA FO     MP     PP MP  PK MP  
------------------------------------------------------------------------------------
Alex Chiasson            0  0  0   0  0   1  0  0  0  0  1/1    17:59   1:07   1:48 
Andrej Sustr             0  1  1   2  2   1  5  1  1  0  0/0    26:29   1:29   2:01 
Andrew Ladd              0  0  0  -2  2   0  1  0  0  1  2/2    14:03   0:26   0:57 
Boris Valabik            0  1  1   2  0   1  1  0  0  0  0/0    23:03   0:37   2:13 
Brian Lee                0  0  0   0  0   1  0  0  0  0  0/0     9:10   0:00   1:00 
Cam Atkinson             0  0  0  -2  0   2  1  1  1  0  1/2    12:41   0:26   0:00 
Cory Emmerton            0  0  0  -2  0   0  2  0  0  0  1/5    12:46   0:05   0:47 
Evgeny Grachev           0  2  2   0  0   1  2  2  0  0  5/11   17:35   1:07   1:09 
Evgeny Kuznetsov         0  0  0  -1  0   0  0  0  0  0  1/1     7:27   0:00   0:00 
Guillaume Latendresse    1  0  1   3  0   2  1  0  0  0  0/0    23:43   0:38   3:04 
Ian White                0  0  0   0  0   0  4  5  1  1  0/0    26:09   0:49   2:26 
Jeremy Morin             0  0  0  -1  0   0  3  0  2  0  0/0     7:59   0:26   0:00 
John Tavares             2  1  3   3  2   9  2  1  0  1  12/30  22:16   0:38   1:57 
Jussi Jokinen            1  0  1   0  0   6  3  0  0  0  1/1    17:19   1:07   1:09 
Michael Grabner          1  2  3   2  0   9  2  0  1  0  0/3    19:24   0:38   0:00 
Paul Ladue               0  0  0  -2  0   0  0  0  0  1  0/0    19:59   1:17   1:14 
Scott Kosmachuck         0  0  0  -1  0   1  2  1  0  1  0/0     7:27   0:00   0:00 
Tyson Barrie             0  0  0  -2  0   0  1  0  1  0  0/0    15:34   0:05   0:55 

3 Stars

1 - John Tavares (Dal)
2 - Michael Grabner (Dal)
3 - Marcus Foligno (Pit)

Power Play

Penguins - 1 on 3 Attempt(s) - 33.33%
Stars - 2 on 3 Attempt(s) - 66.67%

Penalty Kill

Penguins - 1 on 3 Attempt(s) - 33.33% - Score 0 goal in Penalty Kill
Stars - 2 on 3 Attempt(s) - 66.67% - Score 0 goal in Penalty Kill

Team Stat

Penguins - Hits : 21 - Faceoff Wins : 32 - Blocked Shots : 13 - Penalty Minutes : 6
Stars - Hits : 30 - Faceoff Wins : 24 - Blocked Shots : 11 - Penalty Minutes : 6

Official

Referees : Beaudry Halkidis and Pierre Lambert
Linesman : Scott Cherrey and James Tobias

Game Notes

Brian Lee is injured at 0:48 of 2nd period (Groin)

Finance

Level 1 -- Attendance: 5766 (96.10%) -- Ticket Income $576,600
Level 2 -- Attendance: 4792 (95.84%) -- Ticket Income $287,520
Level 3 -- Attendance: 2000 (100.00%) -- Ticket Income $70,000
Level 4 -- Attendance: 3911 (97.78%) -- Ticket Income $97,775
Luxury Box -- Attendance: 889 (88.90%) -- Ticket Income $177,800
Game was played at the American Airlines Center.
Total Attendance: 17358 (96.43%)
Total Ticket Income: $1,209,695
Other Income: $181,454
Total Income: $1,391,149

Penguins

5 vs 5 Forward 
   Center                   Left Wing                Right Wing               Time % Phy DF OF 
 1 Steven Stamkos           Jeff Skinner             Nikita Kucherov          40     1   2  2  
 2 Derek Stepan             Jason Zucker             Joe Pavelski             30     1   2  2  
 3 Joe Colborne             Brandon Tanev            Cal Clutterbuck          20     1   2  2  
 4 Frederick Gaudreau       Andy Andreoff            Marcus Foligno           10     1   2  2  

5 vs 5 Defense 
   Defense                  Defense                                           Time % Phy DF OF 
 1 Oliver Ekman-Larsson     Nick Leddy                                        40     1   2  2  
 2 Keith Aulie              Sean Zimmerman                                    30     1   2  2  
 3 Will Butcher             Robert Hagg                                       20     1   2  2  
 4 Oliver Ekman-Larsson     Nick Leddy                                        10     1   2  2  

PowerPlay Forward 
   Center                   Left Wing                Right Wing               Time % Phy DF OF 
 1 Steven Stamkos           Jeff Skinner             Nikita Kucherov          60     1   2  2  
 2 Derek Stepan             Jason Zucker             Joe Pavelski             40     1   2  2  

PowerPlay Defense
   Defense                  Defense                                           Time % Phy DF OF 
 1 Oliver Ekman-Larsson     Nick Leddy                                        60     1   2  2  
 2 Keith Aulie              Will Butcher                                      40     1   2  2  

Penalty Kill 4 Players Forward 
   Center                   Wing                     Time % Phy DF OF 
 1 Steven Stamkos           Cal Clutterbuck          60     1   2  2  
 2 Joe Colborne             Marcus Foligno           40     1   2  2  

Penalty Kill 4 Players Defense
   Defense                  Defense                  Time % Phy DF OF 
 1 Oliver Ekman-Larsson     Sean Zimmerman           60     1   2  2  
 2 Keith Aulie              Robert Hagg              40     1   2  2  

Penalty Kill - 3 Players Forward 
   Forward                                           Time % Phy DF OF 
 1 Steven Stamkos                                    60     1   2  2  
 2 Cal Clutterbuck                                   40     1   2  2  

Penalty Kill - 3 Players Defense
   Defense                  Defense                  Time % Phy DF OF 
 1 Oliver Ekman-Larsson     Sean Zimmerman           60     1   2  2  
 2 Keith Aulie              Robert Hagg              40     1   2  2  

4 vs 4 Forward 
   Center                   Wing                     Time % Phy DF OF 
 1 Steven Stamkos           Nikita Kucherov          60     1   2  2  
 2 Derek Stepan             Joe Pavelski             40     1   2  2  

4 vs 4 Defense
   Defense                  Defense                  Time % Phy DF OF 
 1 Oliver Ekman-Larsson     Nick Leddy               60     1   2  2  
 2 Keith Aulie              Sean Zimmerman           40     1   2  2  

Last Minutes Offensive
   Center                   Left Wing                Right Wing               Defense                  Defense                  
   Steven Stamkos           Jeff Skinner             Nikita Kucherov          Oliver Ekman-Larsson     Nick Leddy               

Last Minutes Defensive
   Center                   Left Wing                Right Wing               Defense                  Defense                  
   Steven Stamkos           Brandon Tanev            Cal Clutterbuck          Oliver Ekman-Larsson     Sean Zimmerman           

Goaltenders
Starting : Cam Talbot               
Backup : Jacob Markstrom          

Extra Forwards
Normal : Steven Stamkos, Derek Stepan, Joe Colborne - PP : Steven Stamkos, Derek Stepan - PK : Cal Clutterbuck
Extra Defensemen
Normal : Oliver Ekman-Larsson, Keith Aulie, Will Butcher - PP : Keith Aulie - PK : Oliver Ekman-Larsson, Sean Zimmerman
Penalty Shots
Steven Stamkos, Nikita Kucherov, Derek Stepan, Joe Pavelski, Jason Zucker

Scratches
Lars Eller (Right Ankle Injury), Marek Svatos (Healthy)

Stars

5 vs 5 Forward 
   Center                   Left Wing                Right Wing               Time % Phy DF OF 
 1 John Tavares             Guillaume Latendresse    Michael Grabner          40     1   2  2  
 2 Evgeny Grachev           Jussi Jokinen            Alex Chiasson            30     1   2  2  
 3 Cory Emmerton            Andrew Ladd              Cam Atkinson             20     1   2  2  
 4 Evgeny Kuznetsov         Jeremy Morin             Scott Kosmachuck         10     1   2  2  

5 vs 5 Defense 
   Defense                  Defense                                           Time % Phy DF OF 
 1 Ian White                Brian Lee                                         40     1   2  2  
 2 Boris Valabik            Andrej Sustr                                      30     1   2  2  
 3 Paul Ladue               Tyson Barrie                                      20     1   2  2  
 4 Ian White                Brian Lee                                         10     1   2  2  

PowerPlay Forward 
   Center                   Left Wing                Right Wing               Time % Phy DF OF 
 1 John Tavares             Guillaume Latendresse    Michael Grabner          60     0   2  3  
 2 Evgeny Grachev           Jussi Jokinen            Alex Chiasson            40     0   2  3  

PowerPlay Defense
   Defense                  Defense                                           Time % Phy DF OF 
 1 Ian White                Brian Lee                                         60     0   2  3  
 2 Boris Valabik            Andrej Sustr                                      40     0   2  3  

Penalty Kill 4 Players Forward 
   Center                   Wing                     Time % Phy DF OF 
 1 John Tavares             Guillaume Latendresse    60     0   3  2  
 2 Evgeny Grachev           Jussi Jokinen            40     0   3  2  

Penalty Kill 4 Players Defense
   Defense                  Defense                  Time % Phy DF OF 
 1 Ian White                Brian Lee                60     0   3  2  
 2 Boris Valabik            Andrej Sustr             40     0   3  2  

Penalty Kill - 3 Players Forward 
   Forward                                           Time % Phy DF OF 
 1 John Tavares                                      60     0   3  2  
 2 Evgeny Grachev                                    40     0   3  2  

Penalty Kill - 3 Players Defense
   Defense                  Defense                  Time % Phy DF OF 
 1 Ian White                Brian Lee                60     0   3  2  
 2 Boris Valabik            Andrej Sustr             40     0   3  2  

4 vs 4 Forward 
   Center                   Wing                     Time % Phy DF OF 
 1 John Tavares             Guillaume Latendresse    60     0   2  3  
 2 Evgeny Grachev           Jussi Jokinen            40     0   2  3  

4 vs 4 Defense
   Defense                  Defense                  Time % Phy DF OF 
 1 Ian White                Brian Lee                60     1   2  2  
 2 Boris Valabik            Andrej Sustr             40     1   2  2  

Last Minutes Offensive
   Center                   Left Wing                Right Wing               Defense                  Defense                  
   John Tavares             Guillaume Latendresse    Michael Grabner          Ian White                Brian Lee                

Last Minutes Defensive
   Center                   Left Wing                Right Wing               Defense                  Defense                  
   John Tavares             Guillaume Latendresse    Michael Grabner          Ian White                Brian Lee                

Goaltenders
Starting : Braden Holtby            
Backup : Matt Murray              

Extra Forwards
Normal : Alex Chiasson, Andrew Ladd, Evgeny Grachev - PP : Alex Chiasson, Andrew Ladd - PK : Alex Chiasson
Extra Defensemen
Normal : Andrej Sustr, Paul Ladue, Tyson Barrie - PP : Andrej Sustr - PK : Andrej Sustr, Paul Ladue
Penalty Shots
John Tavares, Guillaume Latendresse, Michael Grabner, Jussi Jokinen, Alex Chiasson

Scratches
Tyler Brenner (Healthy)

% Time on Ice - Penguins

Lines # - Real PCT - Wanted PCT - Time Play
Normal Forward
1 - 34% - 40% - 17:59
2 - 27% - 30% - 14:06
3 - 21% - 20% - 11:08
4 - 18% - 10% - 9:26
Normal Defense
1 - 39% - 40% - 20:37
2 - 31% - 30% - 16:28
3 - 24% - 20% - 12:50
4 - 5% - 10% - 2:44
PP Forward
1 - 58% - 60% - 2:59
2 - 42% - 40% - 2:11
PP Defense
1 - 66% - 60% - 3:25
2 - 34% - 40% - 1:45
PK Forward
1 - 85% - 60% - 1:52
2 - 15% - 40% - 0:19
PK Defense
1 - 53% - 60% - 1:10
2 - 47% - 40% - 1:01
PK3 Forward
1 - 0% - 60%
2 - 0% - 40%
PK3 Defense
1 - 0% - 60%
2 - 0% - 40%
44 Forward
1 - 100% - 60% - 1:34
2 - 0% - 40% - 0:00
44 Defense
1 - 71% - 60% - 1:07
2 - 29% - 40% - 0:27
Last Minute Offensive  - 0:00
Last Minute Defensive  - 0:00
Total
Forward - 61:34
Defense - 61:34

% Time on Ice - Stars

Lines # - Real PCT - Wanted PCT - Time Play
Normal Forward
1 - 36% - 40% - 18:56
2 - 28% - 30% - 14:40
3 - 22% - 20% - 11:36
4 - 14% - 10% - 7:27
Normal Defense
1 - 42% - 40% - 22:17
2 - 26% - 30% - 13:47
3 - 22% - 20% - 11:29
4 - 10% - 10% - 5:06
PP Forward
1 - 49% - 60% - 1:04
2 - 51% - 40% - 1:07
PP Defense
1 - 100% - 60% - 2:11
2 - 0% - 40% - 0:00
PK Forward
1 - 78% - 60% - 4:01
2 - 22% - 40% - 1:09
PK Defense
1 - 81% - 60% - 4:11
2 - 19% - 40% - 0:59
PK3 Forward
1 - 0% - 60%
2 - 0% - 40%
PK3 Defense
1 - 0% - 60%
2 - 0% - 40%
44 Forward
1 - 52% - 60% - 0:49
2 - 48% - 40% - 0:45
44 Defense
1 - 87% - 60% - 1:22
2 - 13% - 40% - 0:12
Last Minute Offensive  - 0:00
Last Minute Defensive  - 0:00
Total
Forward - 61:34
Defense - 61:34

Play-by-Play

1st period


0:01 of 1st period - Steven Stamkos wins face-off versus John Tavares in neutral zone.
0:12 of 1st period - Snap shot by Steven Stamkos.
0:12 of 1st period - Stopped by Braden Holtby with a rebound.
1:10 of 1st period - Slapshot by Cal Clutterbuck.
1:10 of 1st period - Shot Blocked by Scott Kosmachuck.
1:30 of 1st period - Michael Grabner is hit by Marcus Foligno.
1:36 of 1st period - Slapshot by John Tavares.
1:36 of 1st period - Shot Misses the Net.
1:53 of 1st period - Off-side.
1:54 of 1st period - Derek Stepan wins face-off versus Cory Emmerton in neutral zone.
2:42 of 1st period - Guillaume Latendresse is hit by Nick Leddy.
2:54 of 1st period - Slapshot by Keith Aulie.
2:54 of 1st period - Stopped by Braden Holtby without a rebound.
2:55 of 1st period - Evgeny Kuznetsov wins face-off versus Joe Colborne in Stars zone.
3:07 of 1st period - Icing by Brandon Tanev.
3:08 of 1st period - Joe Colborne wins face-off versus John Tavares in Penguins zone.
3:13 of 1st period - Ian White is hit by Joe Colborne and loses puck.
3:57 of 1st period - Steven Stamkos is hit by Andrew Ladd and loses puck.
5:02 of 1st period - Snap shot by Michael Grabner.
5:02 of 1st period - Stopped by Cam Talbot with a rebound.
5:06 of 1st period - Backhand shot by Michael Grabner.
5:06 of 1st period - Stopped by Cam Talbot with a rebound.
5:08 of 1st period - Wrist shot by John Tavares.
5:08 of 1st period - Goal by John Tavares - Penguins : 0 - Stars : 1.
5:09 of 1st period - Steven Stamkos wins face-off versus John Tavares in neutral zone.
5:20 of 1st period - Snap shot by John Tavares.
5:20 of 1st period - Shot Blocked by Oliver Ekman-Larsson.
5:39 of 1st period - Snap shot by Jason Zucker.
5:39 of 1st period - Shot Blocked by Ian White.
6:22 of 1st period - Snap shot by Keith Aulie.
6:22 of 1st period - Shot Misses the Net.
6:28 of 1st period - Wrist shot by Brandon Tanev.
6:28 of 1st period - Shot Misses the Net.
6:30 of 1st period - Wrist shot by Keith Aulie.
6:30 of 1st period - Stopped by Braden Holtby with a rebound.
7:07 of 1st period - Slapshot by Derek Stepan.
7:07 of 1st period - Goal by Derek Stepan - Penguins : 1 - Stars : 1.
7:08 of 1st period - Derek Stepan wins face-off versus Michael Grabner in neutral zone.
7:10 of 1st period - Oliver Ekman-Larsson is hit by Ian White and loses puck.
7:23 of 1st period - Snap shot by John Tavares.
7:23 of 1st period - Stopped by Cam Talbot without a rebound.
7:24 of 1st period - Steven Stamkos wins face-off versus Evgeny Grachev in Penguins zone.
7:24 of 1st period - Steven Stamkos is hit by Jussi Jokinen.
7:32 of 1st period - Snap shot by Steven Stamkos.
7:32 of 1st period - Stopped by Braden Holtby without a rebound.
7:33 of 1st period - Steven Stamkos wins face-off versus Evgeny Grachev in Stars zone.
7:42 of 1st period - Wrist shot by Nikita Kucherov.
7:42 of 1st period - Shot Blocked by Ian White.
7:50 of 1st period - Oliver Ekman-Larsson is hit by Jussi Jokinen and loses puck.
7:58 of 1st period - Icing by Nick Leddy.
7:59 of 1st period - John Tavares wins face-off versus Steven Stamkos in Penguins zone.
8:04 of 1st period - Slapshot by John Tavares.
8:04 of 1st period - Stopped by Cam Talbot with a rebound.
8:06 of 1st period - Snap shot by Michael Grabner.
8:06 of 1st period - Shot Misses the Net.
8:08 of 1st period - Wrist shot by John Tavares.
8:08 of 1st period - Goal by John Tavares - Penguins : 1 - Stars : 2.
8:09 of 1st period - Derek Stepan wins face-off versus John Tavares in neutral zone.
8:11 of 1st period - Off-side.
8:12 of 1st period - Derek Stepan wins face-off versus John Tavares in neutral zone.
8:15 of 1st period - Ian White is hit by Oliver Ekman-Larsson and loses puck.
8:34 of 1st period - Michael Grabner is hit by Derek Stepan and loses puck.
8:57 of 1st period - Wrist shot by John Tavares.
8:57 of 1st period - Shot Misses the Net.
9:09 of 1st period - Wrist shot by Michael Grabner.
9:09 of 1st period - Stopped by Cam Talbot with a rebound.
9:11 of 1st period - Wrist shot by Guillaume Latendresse.
9:11 of 1st period - Stopped by Cam Talbot without a rebound.
9:12 of 1st period - Evgeny Grachev wins face-off versus Steven Stamkos in Penguins zone.
10:17 of 1st period - Tyson Barrie is hit by Keith Aulie and loses puck.
10:47 of 1st period - Andrew Ladd is hit by Jason Zucker and loses puck.
11:14 of 1st period - Minor Penalty to John Tavares for Hooking.
11:15 of 1st period - Alex Chiasson wins face-off versus Steven Stamkos in Stars zone.
12:06 of 1st period - Icing by Keith Aulie.
12:07 of 1st period - Cory Emmerton wins face-off versus Jeff Skinner in Penguins zone.
12:08 of 1st period - Slapshot by Boris Valabik.
12:08 of 1st period - Shot Blocked by Steven Stamkos.
13:14 of 1st period - Penalty to John Tavares is over, John Tavares is back on ice.
13:16 of 1st period - Slapshot by John Tavares.
13:16 of 1st period - Deflect By Jussi Jokinen.
13:16 of 1st period - Stopped by Cam Talbot without a rebound.
13:17 of 1st period - Joe Colborne wins face-off versus Cory Emmerton in Penguins zone.
13:33 of 1st period - Brian Lee is hit by Cal Clutterbuck and loses puck.
13:51 of 1st period - Wrist shot by Evgeny Grachev.
13:51 of 1st period - Shot Blocked by Sean Zimmerman.
14:04 of 1st period - Icing by Alex Chiasson.
14:05 of 1st period - Evgeny Grachev wins face-off versus Derek Stepan in Stars zone.
14:25 of 1st period - Wrist shot by Evgeny Grachev.
14:25 of 1st period - Shot Blocked by Nick Leddy.
14:27 of 1st period - Wrist shot by Alex Chiasson.
14:27 of 1st period - Stopped by Cam Talbot without a rebound.
14:28 of 1st period - Steven Stamkos wins face-off versus John Tavares in Penguins zone.
14:41 of 1st period - Slapshot by Steven Stamkos.
14:41 of 1st period - Stopped by Braden Holtby without a rebound.
14:42 of 1st period - John Tavares wins face-off versus Steven Stamkos in Stars zone.
15:38 of 1st period - Snap shot by Joe Colborne.
15:38 of 1st period - Shot Blocked by Evgeny Grachev.
15:48 of 1st period - Wrist shot by Marcus Foligno.
15:48 of 1st period - Stopped by Braden Holtby with a rebound.
15:53 of 1st period - Off-side.
15:54 of 1st period - John Tavares wins face-off versus Nikita Kucherov in neutral zone.
16:23 of 1st period - Slapshot by Oliver Ekman-Larsson.
16:23 of 1st period - Shot Blocked by Evgeny Grachev.
17:05 of 1st period - Oliver Ekman-Larsson is hit by John Tavares and loses puck.
17:10 of 1st period - Snap shot by John Tavares.
17:10 of 1st period - Stopped by Cam Talbot with a rebound.
17:12 of 1st period - Wrist shot by Michael Grabner.
17:12 of 1st period - Shot Hit the Post.
17:14 of 1st period - Backhand shot by Brian Lee.
17:14 of 1st period - Stopped by Cam Talbot with a rebound.
17:16 of 1st period - Snap shot by John Tavares.
17:16 of 1st period - Stopped by Cam Talbot with a rebound.
17:29 of 1st period - Sean Zimmerman is hit by Jeremy Morin and loses puck.
17:43 of 1st period - Icing by Keith Aulie.
17:44 of 1st period - Steven Stamkos wins face-off versus Evgeny Grachev in Penguins zone.
17:49 of 1st period - Wrist shot by Alex Chiasson.
17:49 of 1st period - Shot Misses the Net.
18:15 of 1st period - Keith Aulie is hit by Guillaume Latendresse and loses puck.
18:32 of 1st period - Wrist shot by Marcus Foligno.
18:32 of 1st period - Shot Misses the Net.
19:14 of 1st period - Backhand shot by Evgeny Grachev.
19:14 of 1st period - Stopped by Cam Talbot without a rebound.
19:15 of 1st period - John Tavares wins face-off versus Steven Stamkos in Penguins zone.
Goals for this period are 1 for Penguins vs 2 for Stars.
Shots for this period are 7 for Penguins vs 14 for Stars.

2nd period


0:01 of 2nd period - Nikita Kucherov wins face-off versus John Tavares in neutral zone.
0:14 of 2nd period - Snap shot by Nikita Kucherov.
0:14 of 2nd period - Stopped by Braden Holtby without a rebound.
0:15 of 2nd period - Steven Stamkos wins face-off versus John Tavares in Stars zone.
0:47 of 2nd period - Brian Lee is hit by Joe Pavelski and loses puck.
0:48 of 2nd period - Brian Lee from Stars is injured at 0:48 of 2nd period (Groin).
0:49 of 2nd period - Steven Stamkos wins face-off versus John Tavares in Stars zone.
1:06 of 2nd period - Snap shot by Steven Stamkos.
1:06 of 2nd period - Stopped by Braden Holtby with a rebound.
1:16 of 2nd period - Nick Leddy is hit by Ian White and loses puck.
1:43 of 2nd period - Brandon Tanev is hit by Cory Emmerton and loses puck.
2:02 of 2nd period - Marcus Foligno is hit by Ian White and loses puck.
3:05 of 2nd period - Wrist shot by Oliver Ekman-Larsson.
3:05 of 2nd period - Deflect By Marcus Foligno.
3:05 of 2nd period - Stopped by Braden Holtby without a rebound.
3:06 of 2nd period - Andrew Ladd wins face-off versus Frederick Gaudreau in Stars zone.
3:21 of 2nd period - Wrist shot by Marcus Foligno.
3:21 of 2nd period - Goal by Marcus Foligno - Penguins : 2 - Stars : 2.
3:22 of 2nd period - Steven Stamkos wins face-off versus John Tavares in neutral zone.
3:53 of 2nd period - Jason Zucker is hit by Jussi Jokinen and loses puck.
4:35 of 2nd period - Andy Andreoff is hit by Michael Grabner and loses puck.
5:16 of 2nd period - Joe Pavelski is hit by Cam Atkinson and loses puck.
6:21 of 2nd period - Wrist shot by Evgeny Kuznetsov.
6:21 of 2nd period - Shot Blocked by Keith Aulie.
7:01 of 2nd period - Wrist shot by Jussi Jokinen.
7:01 of 2nd period - Stopped by Cam Talbot with a rebound.
7:52 of 2nd period - Snap shot by Steven Stamkos.
7:52 of 2nd period - Shot Misses the Net.
7:54 of 2nd period - Wrist shot by Steven Stamkos.
7:54 of 2nd period - Shot Blocked by Ian White.
8:06 of 2nd period - Snap shot by Derek Stepan.
8:06 of 2nd period - Deflect By Joe Pavelski.
8:06 of 2nd period - Shot Misses the Net.
8:06 of 2nd period - Puck is out of play.
8:07 of 2nd period - Derek Stepan wins face-off versus Cory Emmerton in Stars zone.
8:22 of 2nd period - Slapshot by Will Butcher.
8:22 of 2nd period - Shot Blocked by Ian White.
8:34 of 2nd period - Nikita Kucherov is hit by Andrej Sustr and loses puck.
8:43 of 2nd period - Snap shot by John Tavares.
8:43 of 2nd period - Shot Misses the Net.
9:25 of 2nd period - Marcus Foligno is hit by Jeremy Morin and loses puck.
9:30 of 2nd period - Slapshot by Scott Kosmachuck.
9:30 of 2nd period - Shot Blocked by Sean Zimmerman.
9:42 of 2nd period - Cam Atkinson is hit by Derek Stepan.
10:14 of 2nd period - Evgeny Kuznetsov is hit by Cal Clutterbuck.
10:20 of 2nd period - Joe Colborne is hit by Ian White.
10:30 of 2nd period - Backhand shot by Nick Leddy.
10:30 of 2nd period - Stopped by Braden Holtby with a rebound.
10:57 of 2nd period - Derek Stepan is hit by Jeremy Morin and loses puck.
11:34 of 2nd period - Off-side.
11:35 of 2nd period - John Tavares wins face-off versus Joe Colborne in neutral zone.
11:48 of 2nd period - Nick Leddy is hit by Andrej Sustr and loses puck.
13:19 of 2nd period - Brandon Tanev is hit by Scott Kosmachuck and loses puck.
13:28 of 2nd period - Snap shot by Scott Kosmachuck.
13:28 of 2nd period - Shot Blocked by Will Butcher.
14:01 of 2nd period - Snap shot by Derek Stepan.
14:01 of 2nd period - Stopped by Braden Holtby with a rebound.
14:03 of 2nd period - Slapshot by Oliver Ekman-Larsson.
14:03 of 2nd period - Shot Blocked by Cam Atkinson.
14:05 of 2nd period - Snap shot by Jason Zucker.
14:05 of 2nd period - Shot Blocked by Ian White.
14:07 of 2nd period - Slapshot by Joe Pavelski.
14:07 of 2nd period - Shot Blocked by Andrej Sustr.
14:21 of 2nd period - Marcus Foligno is hit by Andrej Sustr and loses puck.
14:33 of 2nd period - Minor Penalty to Andrej Sustr for Interference.
14:34 of 2nd period - Steven Stamkos wins face-off versus John Tavares in Stars zone.
16:20 of 2nd period - Alex Chiasson is hit by Jason Zucker and loses puck.
16:33 of 2nd period - Penalty to Andrej Sustr is over, Andrej Sustr is back on ice.
16:51 of 2nd period - Jeremy Morin is hit by Cal Clutterbuck and loses puck.
17:26 of 2nd period - Michael Grabner is hit by Jason Zucker and loses puck.
18:16 of 2nd period - Oliver Ekman-Larsson is hit by Scott Kosmachuck and loses puck.
18:39 of 2nd period - Jussi Jokinen is hit by Oliver Ekman-Larsson and loses puck.
18:52 of 2nd period - Jeff Skinner is hit by Cory Emmerton and loses puck.
19:04 of 2nd period - Minor Penalty to Andrew Ladd for Hooking.
19:05 of 2nd period - John Tavares wins face-off versus Steven Stamkos in Stars zone.
19:39 of 2nd period - Andrej Sustr is hit by Jason Zucker and loses puck.
Goals for this period are 1 for Penguins vs 0 for Stars.
Shots for this period are 6 for Penguins vs 1 for Stars.

3rd period


0:01 of 3rd period - Steven Stamkos wins face-off versus John Tavares in neutral zone.
0:04 of 3rd period - Slapshot by Oliver Ekman-Larsson.
0:04 of 3rd period - Stopped by Braden Holtby without a rebound.
0:05 of 3rd period - Steven Stamkos wins face-off versus John Tavares in Stars zone.
0:16 of 3rd period - Snap shot by Steven Stamkos.
0:16 of 3rd period - Goal by Steven Stamkos - Penguins : 3 - Stars : 2.
0:17 of 3rd period - Steven Stamkos wins face-off versus John Tavares in neutral zone.
0:44 of 3rd period - Jason Zucker is hit by Andrej Sustr and loses puck.
1:46 of 3rd period - Keith Aulie is hit by Michael Grabner and loses puck.
1:53 of 3rd period - Snap shot by Michael Grabner.
1:53 of 3rd period - Stopped by Cam Talbot with a rebound.
1:55 of 3rd period - Slapshot by Tyson Barrie.
1:55 of 3rd period - Shot Misses the Net.
1:57 of 3rd period - Snap shot by Guillaume Latendresse.
1:57 of 3rd period - Shot Misses the Net.
1:59 of 3rd period - Slapshot by Michael Grabner.
1:59 of 3rd period - Shot Misses the Net.
2:19 of 3rd period - Boris Valabik is hit by Keith Aulie and loses puck.
2:30 of 3rd period - Cal Clutterbuck is hit by Andrej Sustr and loses puck.
3:08 of 3rd period - Nick Leddy is hit by John Tavares and loses puck.
4:03 of 3rd period - Cam Atkinson is hit by Cal Clutterbuck and loses puck.
4:33 of 3rd period - Michael Grabner is hit by Marcus Foligno and loses puck.
4:52 of 3rd period - Slapshot by John Tavares.
4:52 of 3rd period - Shot Blocked by Oliver Ekman-Larsson.
5:06 of 3rd period - Wrist shot by Michael Grabner.
5:06 of 3rd period - Stopped by Cam Talbot with a rebound.
5:14 of 3rd period - Slapshot by Oliver Ekman-Larsson.
5:14 of 3rd period - Stopped by Braden Holtby with a rebound.
5:16 of 3rd period - Slapshot by Marcus Foligno.
5:16 of 3rd period - Shot Misses the Net.
5:18 of 3rd period - Snap shot by Marcus Foligno.
5:18 of 3rd period - Shot Misses the Net.
5:20 of 3rd period - Snap shot by Frederick Gaudreau.
5:20 of 3rd period - Stopped by Braden Holtby with a rebound.
5:24 of 3rd period - Slapshot by Marcus Foligno.
5:24 of 3rd period - Shot Blocked by John Tavares.
5:26 of 3rd period - Slapshot by Oliver Ekman-Larsson.
5:26 of 3rd period - Stopped by Braden Holtby without a rebound.
5:27 of 3rd period - Evgeny Grachev wins face-off versus Steven Stamkos in Stars zone.
5:27 of 3rd period - Evgeny Grachev is hit by Nikita Kucherov.
5:34 of 3rd period - Minor Penalty to Keith Aulie for Elbowing.
5:35 of 3rd period - Steven Stamkos wins face-off versus Evgeny Grachev in Penguins zone.
5:46 of 3rd period - Slapshot by Paul Ladue.
5:46 of 3rd period - Shot Misses the Net.
5:48 of 3rd period - Slapshot by Jussi Jokinen.
5:48 of 3rd period - Shot Blocked by Cal Clutterbuck.
5:50 of 3rd period - Slapshot by Andrej Sustr.
5:50 of 3rd period - Deflect By Oliver Ekman-Larsson.
5:50 of 3rd period - Stopped by Cam Talbot with a rebound.
5:52 of 3rd period - Slapshot by Paul Ladue.
5:52 of 3rd period - Shot Misses the Net.
7:31 of 3rd period - Icing by Jeremy Morin.
7:32 of 3rd period - Andrew Ladd wins face-off versus Joe Colborne in Stars zone.
7:34 of 3rd period - Penalty to Keith Aulie is over, Keith Aulie is back on ice.
7:37 of 3rd period - Wrist shot by Jeremy Morin.
7:37 of 3rd period - Shot Blocked by Joe Colborne.
7:39 of 3rd period - Slapshot by Cam Atkinson.
7:39 of 3rd period - Stopped by Cam Talbot without a rebound.
7:40 of 3rd period - John Tavares wins face-off versus Derek Stepan in Penguins zone.
7:47 of 3rd period - Snap shot by John Tavares.
7:47 of 3rd period - Stopped by Cam Talbot with a rebound.
7:49 of 3rd period - Snap shot by Michael Grabner.
7:49 of 3rd period - Stopped by Cam Talbot without a rebound.
7:50 of 3rd period - Derek Stepan wins face-off versus Michael Grabner in Penguins zone.
7:59 of 3rd period - Wrist shot by Derek Stepan.
7:59 of 3rd period - Stopped by Braden Holtby without a rebound.
8:00 of 3rd period - Steven Stamkos wins face-off versus John Tavares in Stars zone.
8:17 of 3rd period - Wrist shot by Nikita Kucherov.
8:17 of 3rd period - Stopped by Braden Holtby without a rebound.
8:18 of 3rd period - Evgeny Grachev wins face-off versus Derek Stepan in Stars zone.
8:18 of 3rd period - Evgeny Grachev is hit by Jason Zucker.
8:27 of 3rd period - Minor Penalty to Derek Stepan for Hooking.
8:28 of 3rd period - John Tavares wins face-off versus Steven Stamkos in Penguins zone.
8:32 of 3rd period - Wrist shot by Michael Grabner.
8:32 of 3rd period - Goal by Michael Grabner - Penguins : 3 - Stars : 3.
8:33 of 3rd period - John Tavares wins face-off versus Steven Stamkos in neutral zone.
8:36 of 3rd period - Snap shot by Boris Valabik.
8:36 of 3rd period - Deflect By Guillaume Latendresse.
8:36 of 3rd period - Shot Misses the Net.
8:36 of 3rd period - Puck is out of play.
8:37 of 3rd period - Steven Stamkos wins face-off versus Michael Grabner in Penguins zone.
8:37 of 3rd period - Steven Stamkos is hit by Boris Valabik.
9:11 of 3rd period - Slapshot by Cam Atkinson.
9:11 of 3rd period - Shot Misses the Net.
9:49 of 3rd period - Wrist shot by Marcus Foligno.
9:49 of 3rd period - Goal by Marcus Foligno - Penguins : 4 - Stars : 3.
9:50 of 3rd period - Steven Stamkos wins face-off versus John Tavares in neutral zone.
10:04 of 3rd period - Snap shot by Steven Stamkos.
10:04 of 3rd period - Stopped by Braden Holtby with a rebound.
10:06 of 3rd period - Wrist shot by Nikita Kucherov.
10:06 of 3rd period - Stopped by Braden Holtby with a rebound.
10:13 of 3rd period - Icing by Andrej Sustr.
10:14 of 3rd period - Evgeny Grachev wins face-off versus Derek Stepan in Stars zone.
10:27 of 3rd period - Snap shot by Evgeny Grachev.
10:27 of 3rd period - Shot Misses the Net.
10:29 of 3rd period - Wrist shot by Jussi Jokinen.
10:29 of 3rd period - Stopped by Cam Talbot with a rebound.
10:31 of 3rd period - Wrist shot by Jussi Jokinen.
10:31 of 3rd period - Stopped by Cam Talbot with a rebound.
11:52 of 3rd period - Snap shot by Cam Atkinson.
11:52 of 3rd period - Stopped by Cam Talbot without a rebound.
11:53 of 3rd period - Steven Stamkos wins face-off versus John Tavares in Penguins zone.
12:02 of 3rd period - Wrist shot by John Tavares.
12:02 of 3rd period - Stopped by Cam Talbot without a rebound.
12:03 of 3rd period - Steven Stamkos wins face-off versus John Tavares in Penguins zone.
12:22 of 3rd period - Snap shot by John Tavares.
12:22 of 3rd period - Shot Blocked by Oliver Ekman-Larsson.
12:24 of 3rd period - Slapshot by Michael Grabner.
12:24 of 3rd period - Stopped by Cam Talbot without a rebound.
12:25 of 3rd period - Derek Stepan wins face-off versus Evgeny Grachev in Penguins zone.
12:25 of 3rd period - Derek Stepan is hit by Evgeny Grachev.
13:26 of 3rd period - Minor Penalty to Marcus Foligno for Hooking.
13:27 of 3rd period - Jussi Jokinen wins face-off versus Steven Stamkos in Penguins zone.
13:33 of 3rd period - Snap shot by Jussi Jokinen.
13:33 of 3rd period - Goal by Jussi Jokinen - Penguins : 4 - Stars : 4.
13:34 of 3rd period - John Tavares wins face-off versus Steven Stamkos in neutral zone.
14:49 of 3rd period - Wrist shot by Scott Kosmachuck.
14:49 of 3rd period - Stopped by Cam Talbot with a rebound.
15:55 of 3rd period - Snap shot by Cal Clutterbuck.
15:55 of 3rd period - Stopped by Braden Holtby without a rebound.
15:56 of 3rd period - Cam Atkinson wins face-off versus Joe Colborne in Stars zone.
16:11 of 3rd period - Wrist shot by Cam Atkinson.
16:11 of 3rd period - Shot Misses the Net.
16:29 of 3rd period - Wrist shot by Jussi Jokinen.
16:29 of 3rd period - Shot Blocked by Nick Leddy.
16:31 of 3rd period - Wrist shot by Jussi Jokinen.
16:31 of 3rd period - Shot Blocked by Joe Colborne.
16:33 of 3rd period - Wrist shot by Jussi Jokinen.
16:33 of 3rd period - Stopped by Cam Talbot with a rebound.
17:32 of 3rd period - Wrist shot by John Tavares.
17:32 of 3rd period - Stopped by Cam Talbot with a rebound.
17:48 of 3rd period - Wrist shot by Michael Grabner.
17:48 of 3rd period - Stopped by Cam Talbot without a rebound.
17:49 of 3rd period - Steven Stamkos wins face-off versus Cam Atkinson in Penguins zone.
18:14 of 3rd period - Will Butcher is hit by Tyson Barrie and loses puck.
18:59 of 3rd period - Slapshot by Jeff Skinner.
18:59 of 3rd period - Stopped by Braden Holtby without a rebound.
19:00 of 3rd period - Joe Colborne wins face-off versus Cory Emmerton in Stars zone.
19:42 of 3rd period - Slapshot by Oliver Ekman-Larsson.
19:42 of 3rd period - Stopped by Braden Holtby with a rebound.
Goals for this period are 2 for Penguins vs 2 for Stars.
Shots for this period are 13 for Penguins vs 17 for Stars.

Overtime #1


0:01 of 1st overtime period - John Tavares wins face-off versus Steven Stamkos in neutral zone.
0:42 of 1st overtime period - Slapshot by Oliver Ekman-Larsson.
0:42 of 1st overtime period - Deflect By Ian White.
0:42 of 1st overtime period - Stopped by Braden Holtby without a rebound.
0:43 of 1st overtime period - Derek Stepan wins face-off versus Evgeny Grachev in Stars zone.
0:58 of 1st overtime period - Derek Stepan is hit by Evgeny Grachev and loses puck.
1:21 of 1st overtime period - Snap shot by Joe Colborne.
1:21 of 1st overtime period - Stopped by Braden Holtby without a rebound.
1:22 of 1st overtime period - John Tavares wins face-off versus Steven Stamkos in Stars zone.
1:32 of 1st overtime period - Backhand shot by Boris Valabik.
1:32 of 1st overtime period - Stopped by Cam Talbot with a rebound.
1:34 of 1st overtime period - Snap shot by Guillaume Latendresse.
1:34 of 1st overtime period - Goal by Guillaume Latendresse - Penguins : 4 - Stars : 5.
Goals for this period are 0 for Penguins vs 1 for Stars.
Shots for this period are 2 for Penguins vs 2 for Stars.